 Dungeon Crawl Stone Soup version 0.30-a0-222-ge547ba4400 (webtiles) character file.

Game seed: 17095913763228376515

10678 qw the Cleaver (level 11, -5/69 HPs)
             Began as a Gargoyle Fighter on Oct 8, 2022.
             Was a Priest of Okawaru.
             Killed from afar by an oklob plant (12 damage)
             ... with a splash of acid
             ... on level 11 of the Dungeon.
             The game lasted 00:03:36 (8704 turns).

qw the Cleaver (Gargoyle Fighter)                   Turns: 8704, Time: 00:03:37

Health: -5/69      AC: 26    Str: 28    XL:     11   Next: 65%
Magic:  13/14      EV:  9    Int:  8    God:    Okawaru [***...]
Gold:   1294       SH:  6    Dex:  8    Spells: 10/10 levels left

rFire   . . .      SeeInvis +    Y - +2 war axe (flame)
rCold   . . .      Faith    .    c - +0 buckler
rNeg    + . .      Spirit   .    h - +0 plate armour
rPois   inf        Reflect  .    o - +0 helmet
rElec   +          Harm     .    (no cloak)
rCorr   .          Rampage  .    r - +0 pair of gloves
Will    +....                    (no boots)
Stlth   ..........               z - amulet of regeneration
HPRegen 1.11/turn                k - +4 ring of protection
MPRegen 0.14/turn                i - ring of see invisible

@: about to teleport, heroic, corroded
A: sickness immunity, AC +8, negative energy resistance 1, electricity
resistance, torment resistance 1, petrification resistance, strong-willed 1,
strong 1
a: Renounce Religion, Heroism


You were on level 11 of the Dungeon.
You worshipped Okawaru.
Okawaru was most pleased with you.
You visited 2 branches of the dungeon, and saw 12 of its levels.
You also visited: Ossuary.

You collected 1294 gold pieces.


Innate Abilities, Weirdness & Mutations

You are immune to sickness and miasma.
Your stone body is resilient. (AC +8)
You are immune to poison.
You resist negative energy. (rN+)
You are resistant to electric shocks. (rElec)
You are resistant to unholy torment.
You are immune to petrification.
You are strong-willed. (Will+)
Your muscles are strong. (Str +4, Int/Dex -1)


   Skills:
 + Level 8.4(13.4) Fighting
 - Level 13.3(18.3) Axes
 - Level 4.8(9.8) Throwing
 - Level 7.1(12.1) Armour
 - Level 2.1(7.1) Dodging
 - Level 5.0(10.0) Shields
 - Level 4.0 Invocations


You had 10 spell levels left.
You didn't know any spells.
Your spell library was empty.

Inventory:

Hand Weapons
 Y - a +2 war axe of flaming (weapon)
Missiles
 f - 4 boomerangs
 p - 4 javelins (quivered)
Armour
 c - a +0 buckler (worn)
 h - a +0 plate armour (worn)
 o - a +0 helmet (worn)
 r - a +0 pair of gloves (worn)
Jewellery
 i - a ring of see invisible (right hand)
 k - a +4 ring of protection (left hand)
 n - a ring of ice
 q - a +6 ring of dexterity
 t - a ring of protection from cold
 z - an amulet of regeneration (around neck)
Wands
 b - a wand of digging (2)
Scrolls
 l - 4 scrolls of teleportation
 y - 6 scrolls of identify
Potions
 d - 4 potions of might
 e - 2 potions of mutation
 g - 2 potions of lignification
 j - 2 potions of cancellation
 u - 5 potions of curing
 v - a potion of attraction
 x - 2 potions of haste

Dungeon Overview and Level Annotations

Branches:
Dungeon (11/15)            Temple (1/1) D:7            Lair (0/5) D:11
    Orc (0/2) D:9         Ossuary (visited)

Altars:
Ashenzari
Cheibriados
Dithmenos
Elyvilon
Fedhas
Gozag
Hepliaklqana
Kikubaaqudgha
Makhleb
Nemelex Xobeh
Okawaru
Qazlal
Ru
Sif Muna
Trog
Uskayaw
Vehumet
Wu Jian
Xom
Yredelemnul
Zin
The Shining One


Message History

The oklob plant spits acid at you. The splash of acid misses you.
8693 ||| INVOKING Heroism.
You gain the combat prowess of a mighty hero.
Found a staircase to the Lair.
The oklob plant spits acid at you. You block the splash of acid.
The oklob plant spits acid at you. The splash of acid hits you!!
The acid corrodes you!
An oklob plant comes into view.
Found a scroll of teleportation.
The oklob plant spits acid at you. The splash of acid hits you!!
8698 ||| READING 6 scrolls of teleportation.
As you read the scroll of teleportation, it crumbles to dust.
You feel strangely unstable. The oklob plant spits acid at you.
The splash of acid hits you but does no damage.
8699 ||| DRINKING potion of heal wounds.
You feel much better.
Found a potion of magic.
A wraith comes into view.
Your surroundings seem slightly different.
The oklob plant spits acid at you. The splash of acid hits you.
The acid corrodes you!
Found a wizard robe.
The oklob plant spits acid at you. The splash of acid hits you!!
You hit the oklob plant. You burn the oklob plant.
The oklob plant is lightly damaged.
The oklob plant spits acid at you. The splash of acid hits you!!
The oklob plant spits acid at you.
The splash of acid hits you but does no damage.
8704 ||| READING 5 scrolls of teleportation.
As you read the scroll of teleportation, it crumbles to dust.
You feel strangely unstable. The oklob plant spits acid at you.
The splash of acid hits you!
You die...

. ..~.. . #. #..!#
.# #.##PP.##.#
#...PPP...#
#~..P>P..~# #
.PPPP...# #.
#P.P##.#+#####
#?.#@ยค.#..#..$..#
.#...~.).#......#
#....###.........#
....W..............#
....####.....$.....#
...[ ##..........#
... #..........# ..
+..........#
#...<......#


You could see 3 oklob plants and a wraith.

Vanquished Creatures
  Fannar (D:11)
  A two-headed ogre (D:10)
  Pikel (D:5)
  Sigmund (D:6)
  3 yaks (D:8)
  3 wyverns
  Eustachio (D:6)
  Grum (D:9)
  A steam dragon (D:8)
  4 vampire mosquitoes (D:10)
  Menkaure (D:6)
  4 wargs (D:9)
  Edmund (D:6)
  An acid dragon (D:10)
  2 water moccasins
  An ice beast (D:6)
  2 black bears
  A sky beast (D:8)
  An orc warrior (D:10)
  2 wolves (D:9)
  3 centaurs
  An ogre (D:4)
  2 lemures (D:5)
  2 phantoms
  3 kobold brigands
  5 bullfrogs
  A gnoll sergeant (D:6)
  2 necrophages
  4 wights (D:8)
  6 killer bees
  4 howler monkeys
  5 hounds
  A gnoll bouda (D:8)
  4 orc priests
  Ijyb (D:4)
  5 iguanas
  5 orc wizards
  14 mummies (Ossuary)
  7 adders
  12 gnolls
  A shadow imp (D:8)
  A white imp (D:6)
  An ufetubus (D:6)
  12 dart slugs
  22 orcs
  7 bats
  3 endoplasms
  5 giant cockroaches
  3 goblins
  9 hobgoblins
  8 jackals
  4 quokkas
  3 ball pythons
  2 frilled lizards
  2 gnoll skeletons (Ossuary)
  2 goblin skeletons (Ossuary)
  21 kobolds
  2 kobold skeletons (Ossuary)
  2 orc skeletons (Ossuary)
  5 rats
  11 rat skeletons (Ossuary)
246 creatures vanquished.

Notes
Turn   | Place    | Note
-------+----------+-------------------------------------------
     0 | D:1      | qw the Gargoyle Fighter began the quest for the Orb.
     0 | D:1      | Reached XP level 1. HP: 14/14 MP: 1/1
     0 | D:1      | 0 ||| qw: Version: 0.2-a-17-g06abaee
     0 | D:1      | 0 ||| qw: Game counter: 2046
     0 | D:1      | 0 ||| qw: Always use a shield: true
     0 | D:1      | 0 ||| qw: God list: Okawaru
     0 | D:1      | 0 ||| qw: Allow faded altars: false
     0 | D:1      | 0 ||| qw: Do Orc after D:15 true
     0 | D:1      | 0 ||| qw: Do second Lair branch before Depths: true
     0 | D:1      | 0 ||| qw: Lair rune preference: random
     0 | D:1      | 0 ||| qw: Plans: Normal, Zot:1-4, God:TSO, Crypt, Tomb,
                  | Pan, Slime:5, Hells, Abyss, Orb
     0 | D:1      | 0 ||| PLANNING D:1-11
    31 | D:1      | Reached skill level 2 in Axes
   138 | D:1      | Reached XP level 2. HP: 19/19 MP: 2/2
   236 | D:1      | 236 ||| Stepping ~*~*~tactically~*~*~ (stealth).
   237 | D:1      | 237 ||| Stepping ~*~*~tactically~*~*~ (stealth).
   238 | D:1      | 238 ||| Stepping ~*~*~tactically~*~*~ (stealth).
   241 | D:1      | 241 ||| Stepping ~*~*~tactically~*~*~ (stealth).
   706 | D:1      | 706 ||| UPGRADING to amulet of the acrobat.
   711 | D:1      | 711 ||| DROPPING amulet of faith.
   712 | D:1      | 712 ||| UPGRADING to +4 ring of protection.
   713 | D:1      | 713 ||| READING scroll labelled LUSSECU POSTIM.
   714 | D:1      | 714 ||| READING scroll labelled ROJEHI EWOL.
   715 | D:1      | 715 ||| READING scroll labelled SEMEX RIGAFF.
   716 | D:1      | 716 ||| READING scroll labelled SOONUU KUJOAZE.
   739 | D:2      | 739 ||| STAIRDANCE
   775 | D:2      | Reached skill level 3 in Axes
   791 | D:2      | Reached XP level 3. HP: 23/23 MP: 3/3
   920 | D:2      | 920 ||| Stepping ~*~*~tactically~*~*~ (stealth).
  1108 | D:2      | 1108 ||| Stepping ~*~*~tactically~*~*~ (stealth).
  1111 | D:2      | 1111 ||| Stepping ~*~*~tactically~*~*~ (stealth).
  1149 | D:2      | You fall into a shaft and drop 2 floors!
  1150 | D:4      | 1150 ||| PLANNING OSSUARY
  1226 | D:4      | Found a sand-covered staircase.
  1227 | D:4      | 1227 ||| UPGRADING to +6 ring of dexterity.
  1228 | D:4      | 1228 ||| READING scroll labelled YSIODAPEDGH.
  1229 | D:4      | 1229 ||| READING scroll labelled MAEPHASSEA.
  1234 | Ossuary  | Entered an ossuary
  1268 | Ossuary  | Reached XP level 4. HP: 28/28 MP: 4/4
  1293 | Ossuary  | Reached skill level 1 in Dodging
  1327 | Ossuary  | 1327 ||| READING scroll of enchant weapon.
  1327 | Ossuary  | 1327 ||| ENCHANTING +1 war axe.
  1389 | Ossuary  | Reached skill level 4 in Axes
  1389 | Ossuary  | Reached XP level 5. HP: 32/32 MP: 5/5
  1566 | Ossuary  | 1566 ||| Stepping ~*~*~tactically~*~*~ (stealth).
  1599 | Ossuary  | Reached skill level 5 in Axes
  1656 | Ossuary  | Reached XP level 6. HP: 34/37 MP: 6/6
  1693 | Ossuary  | 1693 ||| READING 2 scrolls labelled LAICUCUBIE.
  1698 | Ossuary  | 1698 ||| READING scroll labelled VUROTH DULEER.
  1699 | Ossuary  | 1699 ||| READING 2 scrolls labelled KETTAA HEHIKHLA.
  1700 | Ossuary  | 1700 ||| READING scroll labelled AVOEDE CIWKEXED.
  1701 | Ossuary  | 1701 ||| READING scroll labelled OTZOMOKOPNES.
  1702 | Ossuary  | 1702 ||| DRINKING 2 bubbling brown potions.
  1702 | Ossuary  | Gained mutation: You are strong-willed. (Will+) [potion of
                  | mutation]
  1702 | Ossuary  | Gained mutation: You possess an exceptional clarity of
                  | mind. [potion of mutation]
  1702 | Ossuary  | Gained mutation: You are frail. (-10% HP) [potion of
                  | mutation]
  1702 | Ossuary  | Gained mutation: You expend magic power (3 MP) to
                  | strengthen your wands. [potion of mutation]
  1703 | Ossuary  | 1703 ||| DRINKING potion of mutation.
  1703 | Ossuary  | Lost mutation: You expend magic power (3 MP) to strengthen
                  | your wands. [potion of mutation]
  1703 | Ossuary  | Lost mutation: You are frail. (-10% HP) [potion of
                  | mutation]
  1703 | Ossuary  | Gained mutation: Your muscles are strong. (Str +4, Int/Dex
                  | -1) [potion of mutation]
  1703 | Ossuary  | Lost mutation: You possess an exceptional clarity of mind.
                  | [potion of mutation]
  1718 | Ossuary  | 1718 ||| DRINKING 2 coppery potions.
  1719 | Ossuary  | 1719 ||| DROPPING scroll of vulnerability.
  1737 | D:4      | 1737 ||| PLANNING D:1-11
  1774 | D:3      | 1774 ||| DRINKING 2 fuming cyan potions.
  1775 | D:3      | 1775 ||| DROPPING potion of brilliance.
  1778 | D:3      | 1778 ||| FLEEEEING.
  1779 | D:3      | 1779 ||| FLEEEEING.
  1780 | D:3      | 1780 ||| FLEEEEING.
  1781 | D:3      | 1781 ||| FLEEEEING.
  1782 | D:3      | 1782 ||| FLEEEEING.
  1783 | D:3      | 1783 ||| STAIRDANCE
  2117 | D:3      | 2117 ||| Stepping ~*~*~tactically~*~*~ (stealth).
  2258 | D:3      | 2258 ||| Stepping ~*~*~tactically~*~*~ (stealth).
  2260 | D:3      | 2260 ||| Stepping ~*~*~tactically~*~*~ (hiding).
  2273 | D:3      | Reached skill level 1 in Throwing
  2275 | D:3      | 2275 ||| DROPPING +0 whip.
  2811 | D:3      | 2811 ||| UPGRADING to +0 helmet.
  2816 | D:3      | 2816 ||| UPGRADING to +0 pair of gloves.
  2821 | D:3      | 2821 ||| UPGRADING to +0 chain mail.
  2831 | D:3      | 2831 ||| DROPPING +0 scale mail.
  2832 | D:3      | 2832 ||| DROPPING amulet of guardian spirit.
  2833 | D:3      | 2833 ||| UPGRADING to amulet of regeneration.
  2843 | D:3      | 2843 ||| DROPPING amulet of the acrobat.
  2844 | D:3      | 2844 ||| DROPPING +6 ring of intelligence.
  2845 | D:3      | 2845 ||| DROPPING ring of positive energy.
  2846 | D:3      | 2846 ||| READING scroll labelled IVADYI LOCS.
  2853 | D:3      | 2853 ||| DRINKING 2 brown potions.
  2889 | D:4      | 2889 ||| Stepping ~*~*~tactically~*~*~ (hiding).
  2891 | D:4      | 2891 ||| Stepping ~*~*~tactically~*~*~ (hiding).
  3013 | D:4      | Noticed Ijyb
  3014 | D:4      | 3014 ||| Stepping ~*~*~tactically~*~*~ (hiding).
  3015 | D:4      | 3015 ||| Stepping ~*~*~tactically~*~*~ (hiding).
  3038 | D:4      | Killed Ijyb
  3057 | D:4      | 3057 ||| Stepping ~*~*~tactically~*~*~ (stealth).
  3091 | D:4      | 3091 ||| Stepping ~*~*~tactically~*~*~ (stealth).
  3097 | D:4      | Reached XP level 7. HP: 43/43 MP: 7/7
  3097 | D:4      | Found a hide-covered altar of Uskayaw.
  3106 | D:4      | Found a glowing silver altar of Zin.
  3317 | D:4      | Reached skill level 6 in Axes
  3616 | D:5      | Entered Level 5 of the Dungeon
  3707 | D:5      | Reached skill level 7 in Axes
  3892 | D:5      | Noticed Pikel
  3892 | D:5      | 3892 ||| Stepping ~*~*~tactically~*~*~ (stealth).
  3897 | D:5      | 3897 ||| Stepping ~*~*~tactically~*~*~ (stealth).
  3901 | D:5      | 3901 ||| Stepping ~*~*~tactically~*~*~ (stealth).
  3903 | D:5      | 3903 ||| Stepping ~*~*~tactically~*~*~ (stealth).
  3913 | D:5      | Killed Pikel
  3914 | D:5      | Reached XP level 8. HP: 18/49 MP: 8/8
  4062 | D:5      | 4062 ||| Stepping ~*~*~tactically~*~*~ (hiding).
  4067 | D:5      | 4067 ||| Stepping ~*~*~tactically~*~*~ (hiding).
  4068 | D:5      | 4068 ||| Stepping ~*~*~tactically~*~*~ (hiding).
  4069 | D:5      | 4069 ||| Stepping ~*~*~tactically~*~*~ (hiding).
  4088 | D:5      | 4088 ||| FLEEEEING.
  4179 | D:5      | 4179 ||| Stepping ~*~*~tactically~*~*~ (stealth).
  4198 | D:5      | 4198 ||| Stepping ~*~*~tactically~*~*~ (stealth).
  4203 | D:5      | 4203 ||| Stepping ~*~*~tactically~*~*~ (stealth).
  4338 | D:5      | Reached skill level 8 in Axes
  4526 | D:5      | 4526 ||| UPGRADING to +0 plate armour.
  4536 | D:5      | 4536 ||| DROPPING +0 chain mail.
  4595 | D:6      | 4595 ||| Stepping ~*~*~tactically~*~*~ (stealth).
  4596 | D:6      | 4596 ||| Stepping ~*~*~tactically~*~*~ (stealth).
  4613 | D:6      | 4613 ||| Stepping ~*~*~tactically~*~*~ (stealth).
  4617 | D:6      | Reached XP level 9. HP: 54/54 MP: 9/9
  4804 | D:6      | Noticed Edmund
  4815 | D:6      | Killed Edmund
  4832 | D:6      | Noticed Sigmund
  4833 | D:6      | Found a stormy altar of Qazlal.
  4841 | D:6      | Killed Sigmund
  4842 | D:6      | Reached skill level 6 in Fighting
  4899 | D:6      | Noticed Menkaure
  4900 | D:6      | 4900 ||| Stepping ~*~*~tactically~*~*~ (hiding).
  4905 | D:6      | Killed Menkaure
  5039 | D:6      | Noticed Eustachio
  5049 | D:6      | Killed Eustachio
  5063 | D:6      | 5063 ||| READING scroll labelled VADOXUE SOEKK.
  5064 | D:6      | 5064 ||| DRINKING 2 lumpy purple potions.
  5065 | D:6      | 5065 ||| READING 3 scrolls of identify.
  5065 | D:6      | 5065 ||| IDENTIFYING clear potion
  5066 | D:6      | 5066 ||| READING 2 scrolls of identify.
  5066 | D:6      | 5066 ||| IDENTIFYING silvery potion
  5067 | D:6      | 5067 ||| DROPPING potion of magic.
  5090 | D:7      | 5090 ||| READING scroll of brand weapon.
  5090 | D:7      | 5090 ||| BRANDING +2 vorpal war axe.
  5091 | D:7      | 5091 ||| DROPPING +0 morningstar.
  5165 | D:7      | 5165 ||| Stepping ~*~*~tactically~*~*~ (hiding).
  5166 | D:7      | 5166 ||| Stepping ~*~*~tactically~*~*~ (hiding).
  5346 | D:7      | 5346 ||| Stepping ~*~*~tactically~*~*~ (hiding).
  5413 | D:7      | 5413 ||| Stepping ~*~*~tactically~*~*~ (hiding).
  5507 | D:7      | Found a staircase to the Ecumenical Temple.
  5508 | D:7      | 5508 ||| PLANNING TEMPLE
  5508 | D:7      | 5508 ||| READING scroll labelled VUNUIF KUNGE.
  5508 | D:7      | Identified a scroll of acquirement
  5508 | D:7      | 5508 ||| ACQUIRING 819 gold pieces
  5508 | D:7      | Acquired 819 gold pieces
  5510 | D:7      | 5510 ||| DRINKING 2 viscous dark potions.
  5622 | D:7      | 5622 ||| DROPPING potion of berserk rage.
  5631 | Temple   | Entered the Ecumenical Temple
  5772 | Temple   | 5772 ||| PLANNING D:1-11
  5889 | D:7      | Found a blossoming altar of Fedhas.
  5889 | D:7      | Found a bloodstained altar of Trog.
  5891 | D:7      | Found a shimmering blue altar of Sif Muna.
  5891 | D:7      | Found an iron altar of Okawaru.
  5892 | D:7      | 5892 ||| PLANNING OKAWARU WORSHIP
  5892 | D:7      | 5892 ||| READING 4 scrolls of identify.
  5892 | D:7      | 5892 ||| IDENTIFYING bubbling black potion
  5893 | D:7      | 5893 ||| READING 3 scrolls of identify.
  5893 | D:7      | 5893 ||| IDENTIFYING purple potion
  5894 | D:7      | 5894 ||| DRINKING potion of experience.
  5894 | D:7      | Reached skill level 13 in Axes
  5894 | D:7      | Reached XP level 10. HP: 60/60 MP: 10/10
  5895 | D:7      | 5895 ||| READING 2 scrolls of identify.
  5895 | D:7      | 5895 ||| IDENTIFYING bubbling amethyst potion
  5896 | D:7      | 5896 ||| DROPPING potion of degeneration.
  5900 | D:7      | Became a worshipper of Warmaster Okawaru
  5901 | D:7      | 5901 ||| PLANNING D:1-11
  6134 | D:7      | 6134 ||| READING 2 scrolls of identify.
  6134 | D:7      | 6134 ||| IDENTIFYING fuming amethyst potion
  6184 | D:8      | 6184 ||| Stepping ~*~*~tactically~*~*~ (stealth).
  6185 | D:8      | 6185 ||| Stepping ~*~*~tactically~*~*~ (stealth).
  6186 | D:8      | 6186 ||| Stepping ~*~*~tactically~*~*~ (hiding).
  6238 | D:8      | 6238 ||| Stepping ~*~*~tactically~*~*~ (hiding).
  6309 | D:8      | 6309 ||| Stepping ~*~*~tactically~*~*~ (cloud).
  6516 | D:8      | 6516 ||| Stepping ~*~*~tactically~*~*~ (stealth).
  6620 | D:8      | Reached * piety under Okawaru
  6688 | D:8      | 6688 ||| INVOKING Heroism.
  6689 | D:8      | 6689 ||| INVOKING Heroism.
  6697 | D:8      | Reached skill level 1 in Invocations
  6702 | D:8      | Reached skill level 6 in Armour
  6728 | D:8      | Reached XP level 11. HP: 56/64 MP: 12/12
  6805 | D:8      | 6805 ||| Stepping ~*~*~tactically~*~*~ (stealth).
  6875 | D:8      | 6875 ||| Stepping ~*~*~tactically~*~*~ (hiding).
  7076 | D:8      | 7076 ||| DRINKING 2 viscous inky potions.
  7077 | D:8      | 7077 ||| DROPPING potion of flight.
  7117 | D:9      | 7117 ||| Stepping ~*~*~tactically~*~*~ (stealth).
  7118 | D:9      | 7118 ||| Stepping ~*~*~tactically~*~*~ (stealth).
  7127 | D:9      | 7127 ||| Stepping ~*~*~tactically~*~*~ (stealth).
  7143 | D:9      | 7143 ||| Stepping ~*~*~tactically~*~*~ (stealth).
  7147 | D:9      | Noticed Grum
  7148 | D:9      | 7148 ||| INVOKING Heroism.
  7155 | D:9      | Killed Grum
  7246 | D:8      | Found a snail-covered altar of Cheibriados.
  7407 | D:9      | 7407 ||| Stepping ~*~*~tactically~*~*~ (hiding).
  7412 | D:9      | Reached ** piety under Okawaru
  7413 | D:9      | Reached skill level 3 in Invocations
  7620 | D:9      | Found a staircase to the Orcish Mines.
  7622 | D:9      | 7622 ||| Stepping ~*~*~tactically~*~*~ (stealth).
  7623 | D:9      | 7623 ||| Stepping ~*~*~tactically~*~*~ (stealth).
  7701 | D:9      | 7701 ||| Stepping ~*~*~tactically~*~*~ (stealth).
  7702 | D:9      | 7702 ||| Stepping ~*~*~tactically~*~*~ (stealth).
  7864 | D:9      | 7864 ||| UPGRADING to ring of see invisible.
  7866 | D:9      | 7866 ||| DROPPING ring of magical power.
  7867 | D:9      | 7867 ||| DRINKING 2 fizzy grey potions.
  7968 | D:9      | 7968 ||| DROPPING potion of ambrosia.
  8007 | D:10     | Entered Level 10 of the Dungeon
  8031 | D:10     | 8031 ||| INVOKING Heroism.
  8145 | D:10     | 8145 ||| INVOKING Heroism.
  8147 | D:10     | 8147 ||| Stepping ~*~*~tactically~*~*~ (stealth).
  8204 | D:10     | Noticed a two-headed ogre
  8205 | D:10     | 8205 ||| INVOKING Heroism.
  8208 | D:10     | Killed a two-headed ogre
  8208 | D:10     | Reached *** piety under Okawaru
  8228 | D:10     | 8228 ||| Stepping ~*~*~tactically~*~*~ (stealth).
  8230 | D:10     | 8230 ||| Stepping ~*~*~tactically~*~*~ (stealth).
  8234 | D:10     | 8234 ||| Stepping ~*~*~tactically~*~*~ (hiding).
  8235 | D:10     | 8235 ||| Stepping ~*~*~tactically~*~*~ (hiding).
  8236 | D:10     | 8236 ||| Stepping ~*~*~tactically~*~*~ (hiding).
  8243 | D:10     | 8243 ||| Stepping ~*~*~tactically~*~*~ (stealth).
  8295 | D:10     | 8295 ||| INVOKING Heroism.
  8311 | D:10     | 8311 ||| Stepping ~*~*~tactically~*~*~ (stealth).
  8320 | D:10     | 8320 ||| Stepping ~*~*~tactically~*~*~ (stealth).
  8325 | D:10     | 8325 ||| Stepping ~*~*~tactically~*~*~ (stealth).
  8326 | D:10     | 8326 ||| Stepping ~*~*~tactically~*~*~ (stealth).
  8587 | D:10     | 8587 ||| READING scroll labelled GUTHOM QENABB.
  8643 | D:11     | Noticed Fannar
  8661 | D:11     | 8661 ||| INVOKING Heroism.
  8667 | D:11     | Killed Fannar
  8692 | D:11     | Noticed an oklob plant
  8692 | D:11     | Noticed an oklob plant
  8693 | D:11     | 8693 ||| INVOKING Heroism.
  8695 | D:11     | Found a staircase to the Lair.
  8697 | D:11     | Noticed an oklob plant
  8697 | D:11     | HP: 15/69 [oklob plant/splash of acid (28)]
  8698 | D:11     | 8698 ||| READING 6 scrolls of teleportation.
  8699 | D:11     | 8699 ||| DRINKING potion of heal wounds.
  8703 | D:11     | HP: 6/69 [oklob plant/splash of acid (26)]
  8704 | D:11     | 8704 ||| READING 5 scrolls of teleportation.
  8704 | D:11     | Killed from afar by an oklob plant

Levels and vault maps discovered:
D:1:      elethiomel_arrival_infinity_welcomes_careful_drivers,
          layout_loops_ring
D:2:      layout_basic
D:3:      layout_basic, kennysheep_cluttered_room, glass_columns_a,
          item_on_display_a
D:4:      layout_loops_ring, jmf_multi_god_temple, enter_ossuary_5, uniq_ijyb
D:5:      layout_basic, uniq_pikel
D:6:      layout_rooms, lemuel_coloured_pillars_altar, corexii_shack,
          lightli_corner_chamber, uniq_sigmund, uniq_edmund, uniq_eustachio,
          uniq_menkaure
D:7:      kennysheep_slugbush, layout_loops_ring, mainiacjoe_overflow_alcove_3,
          minmay_temple_entry_overgrown
D:8:      layout_basic, nicolae_overflow_hidden_temple
D:9:      layout_loops_ring, minmay_orc_entry_guard_dogs, uniq_grum
D:10:     layout_roguey, grunt_ministairs_3
D:11:     layout_roguey, dpeg_oklobed_lair, uniq_fannar
Temple:   nicolae_temple_bog_church

Skill      XL: |  1  2  3  4  5  6  7  8  9 10 11 |
---------------+----------------------------------+-----
Axes           | 2 3 4 5 7 8 13 | 13.3
Dodging        | 1 2 |  2.1
Throwing       | 1 4 |  4.8
Fighting       | 4 5 6 8 |  8.4
Armour         | 4 5 6 7 |  7.1
Shields        | 4 5 |  5.0
Invocations    | 1 4 |  4.0

Action                   |  1- 3 |  4- 6 |  7- 9 | 10-12 || total
-------------------------+-------+-------+-------+-------++-------
Melee: War axe           |    82 |   144 |   170 |   232 ||   628
Throw: Javelin           |    18 |    16 |    48 |    46 ||   128
       Boomerang         |    18 |    18 |     5 |     7 ||    48
Invok: Heroism           |       |       |       |     8 ||     8
  Use: Scroll            |     6 |     7 |     7 |     5 ||    25
       Potion            |       |     5 |     3 |     3 ||    11
Armor: Scale mail        |    33 |    30 |       |       ||    63
       Chain mail        |       |    13 |    49 |       ||    62
       Plate armour      |       |       |    64 |   131 ||   195
Dodge: Dodged            |    39 |    41 |    51 |    81 ||   212
Block: Buckler           |    12 |    20 |    39 |    36 ||   107

Table legend:
 A = Non-vault XP
 B = Vault XP
 C = Vault XP percentage of total XP
 D = Non-vault monster count
 E = Vault monster count
 F = Vault count percentage of total count
                 A         B        C        D         E       F
            +---------+---------+-------+---------+---------+-------
      Total |    6914 |    4719 |  40.6 |     179 |      65 |  26.6
            +---------+---------+-------+---------+---------+-------
        D:1 |      27 |       0 |   0.0 |      15 |       0 |   0.0
        D:2 |      42 |       0 |   0.0 |      23 |       0 |   0.0
        D:3 |      79 |       0 |   0.0 |      17 |       0 |   0.0
        D:4 |     418 |     119 |  22.2 |      14 |       3 |  17.6
        D:5 |     675 |     663 |  49.6 |      19 |       1 |   5.0
        D:6 |     545 |     763 |  58.3 |      13 |       5 |  27.8
        D:7 |     245 |      32 |  11.6 |      10 |       8 |  44.4
        D:8 |    2156 |       0 |   0.0 |      37 |       0 |   0.0
        D:9 |     691 |    1094 |  61.3 |       6 |       7 |  53.8
       D:10 |    2036 |     899 |  30.6 |      25 |       7 |  21.9
       D:11 |       0 |     878 | 100.0 |       0 |       1 | 100.0
    Ossuary |       0 |     271 | 100.0 |       0 |      33 | 100.0
            +---------+---------+-------+---------+---------+-------
